 Dungeon Crawl Stone Soup version 0.21.0-22-g11d5b5247c (webtiles) character file.

34 DildoBatman the Vexing (level 3, -1/29 HPs)
             Began as a Formicid Enchanter on Jan 19, 2018.
             Was a Follower of Vehumet.
             Slain by a worm (12 damage)
             ... on level 2 of the Dungeon.
             The game lasted 00:04:04 (1550 turns).

DildoBatman the Vexing (Formicid Enchanter)         Turns: 1550, Time: 00:04:05

Health: -1/29      AC:  2    Str: 13    XL:     3   Next: 50%
Magic:  3/6        EV: 12    Int: 14    God:    Vehumet [*.....]
Gold:   79         SH:  0    Dex:  8    Spells: 2/6 levels left

rFire    + . .     SeeInvis +   b - +0 short sword
rCold    x . .     Gourm    .   (no shield)
rNeg     . . .     Faith    .   n - +0 robe
rPois    .         Spirit   .   (helmet unavailable)
rElec    .         Reflect  .   (no cloak)
rCorr    .         Harm     .   (no gloves)
MR       .....                  (no boots)
Stlth    ++........             (no amulet)
HPRegen  0.09/turn              g - -3 ring of dexterity (curse)
MPRegen  0.10/turn              o - ring of fire

@: very slightly contaminated
A: permanent stasis, dig shafts and tunnels, four strong arms, antennae 3
a: Dig, Shaft Self, Renounce Religion


You were on level 2 of the Dungeon.
You worshipped Vehumet.
Vehumet was aware of your devotion.
You were not hungry.

You visited 1 branch of the dungeon, and saw 2 of its levels.

You collected 79 gold pieces.

Inventory:

Hand Weapons
 a - a +1 dagger
 b - a +0 short sword (weapon)
Armour
 n - a +0 robe (worn)
Jewellery
 g - a cursed -3 ring of dexterity (left hand)
 o - a ring of fire (right hand)
Scrolls
 e - a scroll of identify
 k - a scroll of enchant weapon
 l - 2 scrolls of fog
Potions
 f - 2 potions of resistance {unknown}
 h - a potion of might {unknown}
 i - a potion of flight {unknown}
 j - 5 potions of magic {unknown}
 m - a potion of heal wounds {unknown}
 p - a potion of curing {unknown}
Books
 c - a book of Maledictions

   Spells                             Type                      Level
   a - Corona                         Hexes                        1
   b - Ensorcelled Hibernation        Hexes/Ice                    2
   c - Confuse                        Hexes                        3
   d - Tukima's Dance                 Hexes                        3
   e - Dazzling Spray                 Conjuration/Hexes            3
Comestibles
 d - a chunk of flesh
 v - 3 rations


   Skills:
 * Level 3.1 Fighting
 - Level 1.0 Short Blades
 - Level 1.7 Dodging
 * Level 3.6 Stealth
 - Level 2.1 Spellcasting
 * Level 3.6 Hexes


You had 2 spell levels left.
You knew the following spells:

 Your Spells              Type           Power        Failure   Level  Hunger
a - Corona                Hex            ##.....      5%          1    #......
b - Confuse               Hex            ##......     16%         3    ###....


Dungeon Overview and Level Annotations

Branches:
Dungeon (2/15)

Altars:
Vehumet


Innate Abilities, Weirdness & Mutations

You cannot be hasted, slowed, berserked, paralysed or teleported.
You can dig through walls and to a lower floor.
Your four strong arms can wield two-handed weapons with a shield.
You have a pair of large antennae on your head. (SInv)


Message History

You hit the worm.
The worm is heavily wounded.
The worm barely misses you.
You hit the worm but do no damage.
The worm is moderately wounded.
You hit the worm.
The worm is heavily wounded.
The worm barely misses you.
You hit the worm.
The worm is severely wounded.
The worm bites you!
You hit the worm.
The worm is almost dead.
You completely miss the worm.
The worm is almost dead.
The worm closely misses you.
You hit the worm.
The worm is almost dead.
The worm bites you!
You die...

#................+....#
#...........######....###.#
###........# #........#
#..####### #w# #.^..<##.#
#.# ##.......# #.#
#######.# #.# #.#######.#
#..@w.....# ###########


You could see a worm.

Vanquished Creatures
  An adder (D:2)
  A dart slug (D:2)
  4 bats
  2 giant cockroaches
  4 goblins
  2 hobgoblins (D:1)
  4 kobolds
  2 frilled lizards
  2 rats
22 creatures vanquished.

Notes
Turn   | Place    | Note
-------+----------+-------------------------------------------
     0 | D:1      | DildoBatman the Formicid Enchanter began the quest for the Orb.
     0 | D:1      | Reached XP level 1. HP: 13/13 MP: 3/3
   120 | D:1      | Reached skill level 1 in Fighting
   369 | D:1      | Reached XP level 2. HP: 10/21 MP: 3/5
  1182 | D:2      | Reached XP level 3. HP: 27/28 MP: 4/6
  1187 | D:2      | Learned a level 3 spell: Confuse
  1215 | D:2      | Found a faded altar of an unknown god.
  1225 | D:2      | Became a worshipper of Vehumet
  1225 | D:2      | Reached * piety under Vehumet
  1225 | D:2      | Offered knowledge of Sting by Vehumet.
  1550 | D:2      | Slain by a worm

Skill      XL: |  1  2  3 |
---------------+----------+-----
Fighting       | 1 2 3 |  3.1
Short Blades   | |  1.0
Dodging        | |  1.7
Stealth        | |  3.6
Spellcasting   | |  2.1
Hexes          | |  3.6

Action                   || total
-------------------------++-------
Melee: Dagger            ||    28
       Short sword       ||    48
 Cast: Corona            ||    14
  Use: Scroll            ||     2
 Stab: Sleeping          ||     6
  Eat: Chunk             ||     2
Armor: Robe              ||    14
Dodge: Dodged            ||    38
